 Dungeon Crawl Stone Soup version 0.27-a0-1154-gfdeffcb720 (webtiles) character file.

Game seed: 17619863124548614638

91 voltaire321 the Ducker (level 4, 0/35 HPs)
             Began as a Merfolk Gladiator on May 14, 2021.
             Slain by an orc
             ... wielding a +0 club
              (3 damage)
             ... on level 3 of the Dungeon.
             The game lasted 00:05:06 (1963 turns).

voltaire321 the Ducker (Merfolk Gladiator)          Turns: 1963, Time: 00:05:07

Health: 0/35       AC:  6    Str: 14    XL:     4   Next: 59%
Magic:  4/4        EV: 12    Int:  7    God:
Gold:   87         SH:  0    Dex: 16    Spells: 3/3 levels left

rFire    . . .     SeeInvis .   a - +0 long sword
rCold    . . .     Faith    .   (no shield)
rNeg     . . .     Spirit   .   g - +0 ring mail
rPois    .         Reflect  .   c - +0 helmet
rElec    .         Harm     .   (no cloak)
rCorr    .         Rampage  .   (no gloves)
Will     .....                  (no boots)
Stlth    +.........             (no amulet)
HPRegen  0.11/turn              (no ring)
MPRegen  0.09/turn              (no ring)

@: no status effects
A: (nimble swimmer 2), mertail
a: no special abilities


You were on level 3 of the Dungeon.
You visited 1 branch of the dungeon, and saw 3 of its levels.

You collected 87 gold pieces.

Inventory:

Hand Weapons
 a - a +0 long sword (weapon)
Missiles
 d - 3 throwing nets (quivered)
 k - 3 javelins
Armour
 c - a +0 helmet (worn)
 g - a +0 ring mail (worn)
Scrolls
 b - a scroll of magic mapping {unknown}
 j - a scroll of identify {unknown}
 l - a scroll of acquirement {unknown}
Potions
 e - a potion of flight {unknown}
 f - a potion of haste {unknown}
 h - 2 potions of mutation {unknown}
 i - a potion of attraction {unknown}
 m - a potion of curing {unknown}


   Skills:
 + Level 3.1 Fighting
 + Level 4.0 Long Blades
 + Level 2.9 Throwing
 + Level 4.8 Dodging


You had 3 spell levels left.
You didn't know any spells.
Your spell library contained the following spells:

 Spells                   Type           Power      Damage    Failure   Level
 Animate Skeleton         Necr           0%         N/A       67%         1
 Pain                     Necr           0%         1d4       67%         1
 Vampiric Draining        Necr           0%         2d6       96%         3
 Animate Dead             Necr           0%         N/A       100%        4
 Agony                    Necr           0%         N/A       100%        5


Dungeon Overview and Level Annotations

Branches:
Dungeon (3/15)

Altars:


Innate Abilities, Weirdness & Mutations

((You are quick and stealthy near water. (Stealth+, EV+, Speed+++)))
Your lower body shifts to a powerful aquatic tail in water.


Message History

You kill the orc!
The goblin completely misses you.
You see here a +0 morningstar.
You miss the goblin. The goblin hits you but does no damage.
The goblin hits you with a +0 club.
You closely miss the goblin. The orc closely misses you.
The goblin closely misses you.
You riposte.
You barely miss the goblin. You barely miss the goblin.
The orc hits you from afar with a +0 trident.
The goblin hits you but does no damage.
You hit the goblin.
The goblin is heavily wounded.
The orc hits you from afar with a +0 trident.
The goblin hits you with a +0 club.
The orc hits you from afar with a +0 trident.
You barely miss the goblin.
The goblin is heavily wounded.
The goblin barely misses you. The orc hits you but does no damage.
You hit the goblin.
You kill the goblin!
The orc hits you from afar with a +0 trident!
* * * LOW HITPOINT WARNING * * *
You hit the orc.
The orc is heavily wounded.
The orc hits you but does no damage.
The orc hits you from afar with a +0 trident.
* * * LOW HITPOINT WARNING * * *
The orc misses you. The orc barely misses you.
You riposte.
You hit the orc but do no damage.
The orc is heavily wounded.
An orc comes into view. It is wielding a +0 hand axe.
The orc shouts!
You hear a shout! x2
You completely miss the orc.
An orc wizard comes into view. It is wielding a +3 dagger.
The orc barely misses you. The orc hits you with a +0 club.
* * * LOW HITPOINT WARNING * * *
You hit the orc but do no damage. The orc closely misses you.
An orc comes into view. It is wielding a +0 dagger.
The orc hits you but does no damage. The orc hits you with a +0 club.
You die...

####### ### #.....#
...## ...##.# .....
#..##.###...#
#####.......#
...##.....#.#.#
##.#..†.#...#.#
.#.#.##.#.o<#.#####
........#.#....o@.#
..≈#.#≈......>###o#
≈≈≈#.#≈≈≈o......#o#
≈≈≈#.#≈≈≈≈..#.#.#.#
≈≈≈#.#≈≈≈≈≈.(...#.#
≈≈≈# #≈≈≈≈≈..####.#
#### #####≈≈..)...#
.. . #≈≈.<#####
.#####. #≈≈..#


You could see an orc wizard and 4 orcs.

Vanquished Creatures
  2 adders
  A dart slug (D:3)
  8 orcs (D:3)
  7 ball pythons
  An endoplasm (D:3)
  4 giant cockroaches
  A goblin (D:3)
  7 hobgoblins
  7 jackals
  2 quokkas (D:2)
  2 bats
  2 frilled lizards (D:2)
  7 kobolds
  6 rats
57 creatures vanquished.

Vanquished Creatures (others)
  A fungus (D:2)
  5 plants (D:2)
  3 toadstools (D:3)
9 creatures vanquished.

Grand Total: 66 creatures vanquished

Notes
Turn   | Place    | Note
-------+----------+-------------------------------------------
     0 | D:1      | voltaire321 the Merfolk Gladiator began the quest for the
                  | Orb.
     0 | D:1      | Reached XP level 1. HP: 16/16 MP: 1/1
   259 | D:1      | Reached XP level 2. HP: 23/23 MP: 2/2
   881 | D:2      | Reached XP level 3. HP: 28/28 MP: 3/3
  1237 | D:2      | Found a faded altar of an unknown god.
  1332 | D:2      | Reached XP level 4. HP: 30/34 MP: 4/4
  1963 | D:3      | Slain by an orc

Illustrated notes

Levels and vault maps discovered:
D:1:      dpeg_arrival_tiny_a, layout_loops_cross
D:2:      layout_basic, shapermc_ecumenical_altar_hornbeckon
D:3:      layout_basic, vehumet_statue, lemuel_coloured_pillars_altar,
          minmay_gold_behind_fungi, grunt_decor_junction, uniq_robin

Skill      XL: |  1  2  3  4 |
---------------+-------------+-----
Fighting       | 3 |  3.1
Long Blades    | 4 |  4.0
Throwing       | |  2.9
Dodging        | |  4.8

Action                   |  1- 3 |  4- 6 || total
-------------------------+-------+-------++-------
Melee: Long sword        |   109 |    38 ||   147
       Tailslap          |       |     1 ||     1
Armor: Leather armour    |    10 |       ||    10
       Ring mail         |    26 |     7 ||    33
Dodge: Dodged            |    87 |    42 ||   129
       Rpst.: Long sword |    27 |    13 ||    40

Table legend: (Time is in decaauts)
 A = Elapsed time spent in this place.
 B = Non-inter-level travel time spent in this place.
 C = Inter-level travel time spent in this place.
 D = Time resting spent in this place.
 E = Time spent auto-exploring this place.
 F = Levels seen in this place.
 G = Mean time per level.
                   A        B        C        D        E       F      G
               +--------+--------+--------+--------+--------+-----+--------+
         Total |   1977 |   1941 |     36 |    324 |   1137 |   3 |  659.0 |
       Dungeon |   1977 |   1941 |     36 |    324 |   1137 |   3 |  659.0 |
               +--------+--------+--------+--------+--------+-----+--------+

Top non-repeatable levels by time:
     D:1: 884 daAuts
     D:2: 791 daAuts
     D:3: 302 daAuts
